[Event "*** Titled Tuesday Blitz"]
[Site "Chess.com"]
[Date "2020.04.14"]
[Round "1"]
[White "francyIM"]
[Black "Kaua18"]
[Result "1-0"]
[WhiteElo "2622"]
[BlackElo "2271"]
[TimeControl "180+1"]
[EndTime "10:05:40 PDT"]
[Termination "francyIM won by resignation"]

1. d4 Nf6 2. c4 e6 3. Nc3 Bb4 4.
Qc2 O-O 5. e4 c5 6. e5 cxd4 7.
a3 dxc3 8. axb4 Ne8 9. bxc3 d6 10.
exd6 Qxd6 11. Nf3 Nc6 12. Bd3 Nf6 13. O-O h6 14. Re1 b6 15. b5 Na5 16. Ba3 Qc7 17.
Bxf8 Kxf8 18. Qa4 Bb7 19. Ne5 Rc8 20. Qb4+ Kg8 21. c5 Qxc5 22. Qxc5 Rxc5 23. c4 Rc7 24. Rad1 Nd7 25. Nxd7 Rxd7 26. Bh7+ Kxh7 27. Rxd7 Kg6 28. Ra1 Be4 29. Rc7 Bd3 30. Ra3 Be2 31. c5 Bxb5 32.
Rxa7 Nc4 33. Rb3 Bc6 34. cxb6 Nd6 35. b7 Bxb7 36. Raxb7 Nf5 37. R3b4 h5 38. h3 h4 39.
Rg4+ Kf6 40. Rf4 Kg5 41. Rxf5+ 1-0

[Event "*** Titled Tuesday Blitz"]
[Site "Chess.com"]
[Date "2020.04.14"]
[Round "1"]
[White "MishkaFighter"]
[Black "Suleyman_Chess06"]
[Result "1-0"]
[WhiteElo "2571"]
[BlackElo "2185"]
[TimeControl "180+1"]
[EndTime "10:05:40 PDT"]
[Termination "MishkaFighter won by checkmate"]

1. Nf3 e6 2. c4 d5 3. g3 Nf6 4. Bg2 Be7 5. O-O O-O 6. d4 b6 7. cxd5 exd5 8. Nc3 Bb7 9. Bf4 a6 10. Rc1 Nbd7 11. Ne5 Bd6 12. Qb3 Ne4 13. Nxd5 Bxe5 14. Bxe4 Bxf4 15. gxf4 Rc8 16. e3 Ba8 17. Bg2 Qh4 18.
Kh1 Rfd8 19. Qa3 Bxd5 20. Bxd5 Nf6 21. Bb7 Ng4 22. Kg2 Qxh2+ 23. Kf3 Rb8 24. Rxc7 h5 25. Qe7 Rf8 26. Bd5 Rbe8 27. Bxf7+ Rxf7 28. Qxf7+ Kh7 29. Qxg7# 1-0

[Event "*** Titled Tuesday Blitz"]
[Site "Chess.com"]
[Date "2020.04.14"]
[Round "1"]
[White "DrBergerBerger"]
[Black "AnishGiri"]
[Result "0-1"]
[WhiteElo "2503"]
[BlackElo "3024"]
[TimeControl "180+1"]
[EndTime "10:05:41 PDT"]
[Termination "AnishGiri won by resignation"]

1. e4 c5 2. Nc3 Nc6 3. Nge2 e6 4.
g3 Nf6 5. Bg2 d6 6. d4 cxd4 7.
Nxd4 Nxd4 8. Qxd4 Be7 9. O-O O-O 10. Rd1 Bd7 11. e5 dxe5 12. Qxe5 Qc8 13. Bf4 Bc6 14. Bxc6 Qxc6 15. Qb5 Rfc8 16. Qxc6 Rxc6 17. f3 a6 18. Rd2 Rac8 19. a4 h6 20. Rad1 Bb4 21. Be5 Bxc3 22. Rd8+ Kh7 23. Bxc3 Nd5 24. Be5 Rxd8 0-1

[Event "*** Titled Tuesday Blitz"]
[Site "Chess.com"]
[Date "2020.04.14"]
[Round "1"]
[White "SavelijTartakover"]
[Black "20ofJuly"]
[Result "1-0"]
[WhiteElo "2596"]
[BlackElo "2218"]
[TimeControl "180+1"]
[EndTime "10:05:41 PDT"]
[Termination "SavelijTartakover won by checkmate"]

1. d4 Nf6 2. c4 e6 3. Nf3 b6 4. a3 Bb7 5. Nc3 d5 6. Bg5 Be7 7. e3 O-O 8. Qc2 Nbd7 9. Rd1 c5 10. cxd5 Nxd5 11. Bxe7 Qxe7 12. Nxd5 exd5 13. dxc5 bxc5 14. Be2 Rac8 15. O-O Ne5 16. Rd2 d4 17. Nxe5 Qxe5 18.
exd4 cxd4 19. Qd3 Rfd8 20. Rfd1 Be4 21. Qg3 Qc5 22. Qf4 f5 23. h4 Rb8 24. Kh2 Rb3 25.
f3 Bc2 26. Rxd4 Rxd4 27. Rxd4 Rxb2 28. Bc4+ Kf8 29. Rd8+ Ke7 30. Qg5# 1-0

[Event "*** Titled Tuesday Blitz"]
[Site "Chess.com"]
[Date "2020.04.14"]
[Round "1"]
[White "checkmatequen"]
[Black "enriquetejedor"]
[Result "0-1"]
[WhiteElo "2216"]
[BlackElo "2592"]
[TimeControl "180+1"]
[EndTime "10:05:42 PDT"]
[Termination "enriquetejedor won by resignation"]

1. e4 c5 2. Nf3 e6 3. d4 cxd4 4. Nxd4 Nc6 5. Nxc6 bxc6 6. Bd3 d5 7. O-O Nf6 8. Qe2 Be7 9. Nd2 O-O 10. c4 a5 11. Rd1 Ba6 12. cxd5 Bxd3 13. Qxd3 cxd5 14.
e5 Nd7 15. f4 Qb6+ 16. Kh1 Rfc8 17. Nf3 Nc5 18. Qe3 Rab8 19. Nd4 Ne4 20. f5 Bg5 21. Qg1 Bxc1 22. Raxc1 Qxb2 23. Rxc8+ Rxc8 24. Rf1 exf5 25. Nxf5 Qxe5 26. Qd4 Qxd4 27. Nxd4 g6 28. g3 Rc4 29.
Nb5 Rb4 30. Nc7 d4 31. Re1 d3 32.
Nd5 d2 33. Rd1 Nf2+ 34. Kg2 Nxd1 35. Kf1 Rd4 36. Ke2 Rxd5 0-1

[Event "*** Titled Tuesday Blitz"]
[Site "Chess.com"]
[Date "2020.04.14"]
[Round "1"]
[White "hermionegrangermagic"]
[Black "wonderfultime"]
[Result "0-1"]
[WhiteElo "2497"]
[BlackElo "2943"]
[TimeControl "180+1"]
[EndTime "10:05:44 PDT"]
[Termination "wonderfultime won by resignation"]

1. e4 c5 2. Nf3 Nf6 3. e5 Nd5 4.
Nc3 e6 5. Nxd5 exd5 6. d4 Nc6 7. c3 cxd4 8. cxd4 d6 9. exd6 Bxd6 10. Bd3 O-O 11.
O-O Bg4 12. Be3 Qf6 13. h3 Bh5 14. g4 Bg6 15. Bg5 Qe6 16. Re1 Qd7 17. Ne5 Bxe5 18.
dxe5 Rfe8 19. Bf4 d4 20. Rc1 Rad8 21. Bb5 Qd5 22. Bc4 Qa5 23. Qb3 d3 24. Red1 Nd4 25.
Bd2 Nxb3 26. Bxa5 Nxa5 0-1

[Event "*** Titled Tuesday Blitz"]
[Site "Chess.com"]
[Date "2020.04.14"]
[Round "1"]
[White "Igrok3069"]
[Black "MartinCerveny"]
[Result "1-0"]
[WhiteElo "2424"]
[BlackElo "2621"]
[TimeControl "180+1"]
[EndTime "10:05:45 PDT"]
[Termination "Igrok3069 won by resignation"]

1. d4 d5 2. c4 c6 3. cxd5 cxd5 4.
Bg5 Nc6 5. Nc3 h6 6. Bh4 Qa5 7. e3 e6 8. Bd3 Bd7 9. Nf3 Nf6 10. O-O Be7 11. Ne5 Nxe5 12. dxe5 Ng8 13. Bg3 h5 14. e4 d4 15. Ne2 Qb6 16. f4 Rd8 17. f5 Bg5 18. Bf4 Bxf4 19. Nxf4 h4 20. Qg4 Rh7 21. Rf2 Nh6 22. Qg5 Rc8 23. Raf1 Qd8 24. Qh5 exf5 25.
exf5 Qe7 26. f6 g6 27. fxe7 gxh5 28. Bxh7 Ng4 29. Rd2 1-0

[Event "*** Titled Tuesday Blitz"]
[Site "Chess.com"]
[Date "2020.04.14"]
[Round "1"]
[White "124chess"]
[Black "lelya96"]
[Result "1-0"]
[WhiteElo "2617"]
[BlackElo "2267"]
[TimeControl "180+1"]
[EndTime "10:05:45 PDT"]
[Termination "124chess won by resignation"]

1. d4 Nf6 2. Nf3 e6 3. Bf4 b6 4. e3 Bb7 5. Nbd2 Be7 6. Bd3 O-O 7. O-O d5 8. h3 Ne4 9. Qe2 c5 10. c3 Nd7 11. Rad1 Qc8 12. Ne5 Nxe5 13. Bxe5 f6 14. Bh2 Rd8 15. Nxe4 dxe4 16. Bc4 Bd5 17. Bb3 c4 18. Bc2 Qc6 19. f3 Rac8 20. fxe4 Bxe4 21. Bxe4 Qxe4 22. Qf3 Qxf3 23. gxf3 e5 24. dxe5 Bc5 25. Kf2 Re8 26. Rd5 fxe5 27. Bxe5 Re6 28. Bd4 Be7 29.
Rd7 a5 30. Rg1 g6 31. Rb7 Rcc6 32. a4 Kf8 33. e4 h5 34. Ke3 g5 35. e5 Kf7 36. Ke4 Kg6 37. h4 g4 38. fxg4 Bxh4 39. gxh5+ Kxh5 40. Kd5 Be7 41. Rxe7 1-0

[Event "*** Titled Tuesday Blitz"]
[Site "Chess.com"]
[Date "2020.04.14"]
[Round "1"]
[White "mitrabhaa"]
[Black "GodDMuhammad"]
[Result "1-0"]
[WhiteElo "2609"]
[BlackElo "2248"]
[TimeControl "180+1"]
[EndTime "10:05:45 PDT"]
[Termination "mitrabhaa won by checkmate"]

1. Nf3 Nf6 2. g3 d5 3. c4 e6 4. d4 Be7 5. Bg2 O-O 6. O-O b6 7. Nc3 Bb7 8. Ne5 c5 9. dxc5 bxc5 10. cxd5 exd5 11. Bg5 Qd6 12. Nd3 Rd8 13. Nf4 Nbd7 14. Nfxd5 Nxd5 15. Bxe7 Qxe7 16. Nxd5 Bxd5 17. Qxd5 Rab8 18.
b3 Nb6 19. Qe4 Qxe4 20. Bxe4 c4 21. Rfd1 c3 22. Rxd8+ Rxd8 23. Rc1 Rc8 24. Kf1 g6 25.
Ke1 f5 26. Bf3 Kf7 27. Kd1 Ke6 28. Kc2 a5 29. Rd1 a4 30. Rd3 axb3+ 31. axb3 Ke5 32. Rxc3 Rb8 33. Rc7 h6 34. Rc6 g5 35. Bg2 h5 36. e3 h4 37. f4+ gxf4 38. gxf4# 1-0

[Event "*** Titled Tuesday Blitz"]
[Site "Chess.com"]
[Date "2020.04.14"]
[Round "1"]
[White "almatyonelove"]
[Black "davigator"]
[Result "1-0"]
[WhiteElo "2711"]
[BlackElo "2364"]
[TimeControl "180+1"]
[EndTime "10:05:46 PDT"]
[Termination "almatyonelove won by resignation"]

1. e4 c5 2. Nc3 Nc6 3. Bb5 Nd4 4.
Bc4 g6 5. Nge2 Bg7 6. Nxd4 cxd4 7. Ne2 d6 8. d3 e6 9. O-O Ne7 10. Bb3 O-O 11. Ng3 a5 12. a4 Kh8 13. f4 Bd7 14. f5 exf5 15. Bg5 f6 16. Bf4 Qb6 17. exf5 Nxf5 18. Nxf5 Bxf5 19. Qf3 Rae8 20. Rae1 Bd7 21. Qd5 Rxe1 22. Rxe1 Qc5 23. Qxd6 Qxd6 24. Bxd6 Re8 25. Rxe8+ Bxe8 26. Bc5 f5 27. Bb6 Bc6 28. Bxa5 Be5 29.
Bb6 Kg7 30. Bd8 h6 31. a5 Bd6 32. Bc4 Bb4 33. Bb6 g5 34. Bxd4+ Kg6 35. Bb6 g4 36. c3 Bd6 37. b4 f4 38. b5 Bd7 39.
Bd5 Bc8 40. c4 Kf5 41. Bd4 Bb4 42. Be4+ Ke6 43. Bb6 Bd2 44. Kf1 Ke5 45. Ke2 Bc3 46. c5 Bd4 47. c6 Bxb6 48. axb6 1-0

[Event "*** Titled Tuesday Blitz"]
[Site "Chess.com"]
[Date "2020.04.14"]
[Round "1"]
[White "Danfii"]
[Black "moro182"]
[Result "0-1"]
[WhiteElo "2334"]
[BlackElo "2680"]
[TimeControl "180+1"]
[EndTime "10:05:47 PDT"]
[Termination "moro182 won by resignation"]

1. e4 e5 2. Nf3 Nc6 3. Bc4 Bc5 4. O-O Nf6 5. d3 d6 6. c3 a6 7. Nbd2 Ba7 8. Bb3 h6 9. Re1 g5 10. Nf1 g4 11. N3d2 h5 12. Nc4 Rg8 13. Be3 h4 14. Bxa7 Nxa7 15. d4 Qe7 16. dxe5 dxe5 17. Nce3 Bd7 18. Nd5 Nxd5 19. exd5 O-O-O 20. Qe2 Rge8 21. c4 f5 22. Rac1 Kb8 23. Ne3 g3 24. fxg3 hxg3 25. h3 f4 26. Nf1 Qc5+ 27. Kh1 Rh8 28.
Qxe5 Bxh3 29. gxh3 Qf2 0-1

[Event "*** Titled Tuesday Blitz"]
[Site "Chess.com"]
[Date "2020.04.14"]
[Round "1"]
[White "EvgenyRomanov"]
[Black "Etoilegeniale"]
[Result "1/2-1/2"]
[WhiteElo "2114"]
[BlackElo "2508"]
[TimeControl "180+1"]
[EndTime "10:05:48 PDT"]
[Termination "Game drawn by agreement"]

1. d4 d5 2. Nf3 Nf6 3. Bg5 Ne4 4.
Bh4 c5 5. dxc5 Qa5+ 6. Nbd2 Nxd2 7. Qxd2 Qxd2+ 8. Nxd2 e6 9. e4 Bxc5 10. exd5 exd5 11.
Nb3 Bb6 12. O-O-O Be6 13. Bb5+ Nc6 14. Nd4 Bxd4 15. Rxd4 a6 16. Bxc6+ bxc6 17. Rb4 O-O 18. Bg3 c5 19. Rb6 d4 20. b3 c4 21. Rd1 Rfd8 22.
Be5 d3 23. bxc4 Bxc4 24. a3 dxc2 25. Rxd8+ Rxd8 26. Kxc2 f6 27. Rb8 1/2-1/2

[Event "*** Titled Tuesday Blitz"]
[Site "Chess.com"]
[Date "2020.04.14"]
[Round "1"]
[White "VishnuPrasanna"]
[Black "Andrii_Prydun"]
[Result "1-0"]
[WhiteElo "2681"]
[BlackElo "2337"]
[TimeControl "180+1"]
[EndTime "10:05:49 PDT"]
[Termination "VishnuPrasanna won by checkmate"]

1. d4 d5 2. c4 c6 3. Nf3 Nf6 4. Nc3 e6 5. Bg5 Nbd7 6. cxd5 exd5 7. e3 Be7 8. Qc2 Nf8 9. Bd3 Ng6 10. O-O O-O 11.
Rab1 Be6 12. b4 Rc8 13. b5 c5 14. Rfc1 b6 15. Qa4 Qc7 16. Ne2 Rfd8 17. Nf4 Nxf4 18.
Bxf4 Qb7 19. h3 h6 20. Ne5 Bd7 21. Qd1 Ne4 22. Qh5 Be8 23. Qg4 Bd6 24. Bxe4 dxe4 25.
Bxh6 f5 26. Qg3 cxd4 27. exd4 Rxc1+ 28. Rxc1 Kf8 29. Bf4 Qd5 30. a4 Qxd4 31. Qh4 Bxe5 32. Bxe5 Qd5 33. Qh8+ Qg8 34. Bxg7+ Kf7 35. Qh4 Rd5 36.
Qf6# 1-0

[Event "*** Titled Tuesday Blitz"]
[Site "Chess.com"]
[Date "2020.04.14"]
[Round "1"]
[White "IMTominho"]
[Black "vaishali2001"]
[Result "1-0"]
[WhiteElo "2844"]
[BlackElo "2444"]
[TimeControl "180+1"]
[EndTime "10:05:50 PDT"]
[Termination "IMTominho won by resignation"]

1. d4 Nf6 2. c4 g6 3. Nc3 d5 4.
Nf3 Bg7 5. Bg5 Ne4 6. cxd5 Nxg5 7. Nxg5 e6 8. Nf3 exd5 9. e3 O-O 10. Be2 c6 11. O-O Bg4 12. Rc1 Bxf3 13. Bxf3 Nd7 14.
b4 b5 15. e4 dxe4 16. Nxe4 Nb6 17. Rxc6 Qxd4 18. Qxd4 Bxd4 19. Nd6 a6 20. Rd1 Rfe8 21.
Nxe8 Rxe8 22. g3 Rd8 23. Rxd4 Rxd4 24. Rxb6 Rxb4 25. Rxa6 f5 26. Ra7 Rd4 27. h4 b4 28.
Kf1 Rd3 29. Be2 Rd2 30. Bc4+ Kh8 31. h5 gxh5 32. Rf7 h4 33. gxh4 Rd4 34. Bb3 Rxh4 35. Rxf5 Kg7 36. Rc5 Kf6 37. Rc4 Rh1+ 38. Kg2 Ra1 39.
Rxb4 Kg5 40. Rb5+ Kf4 41. Rh5 Rc1 42. Rh4+ Kg5 43. Rxh7 Kf4 44. Rh4+ Kg5 45. Rc4 Ra1 46. a4 Kf5 47. Bc2+ 1-0

[Event "*** Titled Tuesday Blitz"]
[Site "Chess.com"]
[Date "2020.04.14"]
[Round "1"]
[White "dmosesov"]
[Black "Shant_Sargsyan"]
[Result "0-1"]
[WhiteElo "2504"]
[BlackElo "3051"]
[TimeControl "180+1"]
[EndTime "10:05:51 PDT"]
[Termination "Shant_Sargsyan won by resignation"]

1. d4 Nf6 2. c4 e6 3. Nf3 d5 4.
Nc3 Nbd7 5. Qc2 c6 6. cxd5 exd5 7. Bf4 Be7 8. h3 O-O 9. e3 Re8 10. Bd3 Nf8 11. O-O Bd6 12. Bxd6 Qxd6 13. Ne5 N6d7 14. Nxd7 Bxd7 15. a3 a5 16. Rab1 Ng6 17. Bxg6 hxg6 18. Qd2 Bf5 19. Rbc1 g5 20. Na4 g4 21. hxg4 Bxg4 22.
Nc5 Qg6 23. f3 Bc8 24. Nd3 Bf5 25. Nf4 Qd6 26. Rfe1 g5 27. Nd3 f6 28. Nf2 Kg7 29.
e4 Bg6 30. e5 Qe6 31. exf6+ Qxf6 32. Ng4 Qf4 33. Qxf4 gxf4 34. Ne5 Bf5 35. Kf2 a4 36. Rh1 Rh8 37. Rce1 Rxh1 38. Rxh1 Ra6 39. Rh4 Rb6 40. Rxf4 Rxb2+ 41. Kg3 Be6 42. Nd3 Ra2 43. Nc5 Bc8 44. Nxa4 Rxa3 45. Nc5 b6 0-1

[Event "*** Titled Tuesday Blitz"]
[Site "Chess.com"]
[Date "2020.04.14"]
[Round "1"]
[White "MattyDPerrine"]
[Black "Volodar_Murzin"]
[Result "0-1"]
[WhiteElo "2338"]
[BlackElo "2686"]
[TimeControl "180+1"]
[EndTime "10:05:51 PDT"]
[Termination "Volodar_Murzin won by resignation"]

1. Nf3 Nf6 2. c4 g6 3. b4 Bg7 4. Bb2 O-O 5. g3 d6 6. Bg2 e5 7. d3 Re8 8. O-O a5 9. a3 Nbd7 10. Nbd2 Qe7 11. e4 Nf8 12. h3 h5 13. c5 Be6 14. Qc2 N6d7 15. c6 bxc6 16. Qxc6 Nb6 17. Rfc1 Rec8 18. bxa5 Rxa5 19. Bc3 Rc5 20. Qb7 Ra8 21. Bb4 Bc8 0-1

[Event "*** Titled Tuesday Blitz"]
[Site "Chess.com"]
[Date "2020.04.14"]
[Round "1"]
[White "GMJustin"]
[Black "Vincent_Vega95"]
[Result "0-1"]
[WhiteElo "2344"]
[BlackElo "2764"]
[TimeControl "180+1"]
[EndTime "10:05:52 PDT"]
[Termination "Vincent_Vega95 won on time"]

1. d4 Nf6 2. c4 g6 3. Nc3 Bg7 4. e4 O-O 5. Be3 d6 6. Be2 Na6 7. g4 c5 8. d5 e6 9. h4 exd5 10. exd5 Re8 11. h5 Ne4 12. Nxe4 Rxe4 13. hxg6 fxg6 14.
Qc2 Qe8 15. Bf3 Re7 16. Ne2 Nb4 17. Qd2 Bxb2 18. Rb1 Bg7 19. a3 Na6 20. Kf1 Rb8 21. Nf4 Qf7 22. Kg2 Bd7 23. Ne6 Be5 24. Bg5 Rxe6 25.
dxe6 Bxe6 0-1

[Event "*** Titled Tuesday Blitz"]
[Site "Chess.com"]
[Date "2020.04.14"]
[Round "1"]
[White "vugarrasulov"]
[Black "Nastya_Rakhmangulova"]
[Result "0-1"]
[WhiteElo "2739"]
[BlackElo "2411"]
[TimeControl "180+1"]
[EndTime "10:05:52 PDT"]
[Termination "Nastya_Rakhmangulova won by checkmate"]

1. e4 c6 2. Nc3 d5 3. Nf3 dxe4 4. Nxe4 Nf6 5. Qe2 Na6 6. d4 Bg4 7. c3 e6 8. h3 Bxf3 9. Qxf3 Nxe4 10. Qxe4 Nc7 11. Bf4 Bd6 12. Bd2 Qf6 13. Bd3 O-O-O 14. O-O Nd5 15. g3 h5 16. h4 Qe7 17. a4 f5 18. Qe2 f4 19. a5 g5 20. hxg5 h4 21. g4 f3 22. Qe4 Rhf8 23. a6 b6 24. c4 Nc7 25. Qxc6 Qg7 26. c5 Qxd4 27. cxd6 Qxg4+ 28. Kh2 Qg2# 0-1

[Event "*** Titled Tuesday Blitz"]
[Site "Chess.com"]
[Date "2020.04.14"]
[Round "1"]
[White "avocadosheena"]
[Black "blitzking1729"]
[Result "0-1"]
[WhiteElo "2172"]
[BlackElo "2566"]
[TimeControl "180+1"]
[EndTime "10:05:52 PDT"]
[Termination "blitzking1729 won by resignation"]

1. d4 d6 2. c4 e5 3. d5 g6 4.
Nc3 Bg7 5. e4 Nd7 6. Bd3 a5 7. Nge2 Nc5 8. Bc2 Ne7 9. O-O O-O 10. Be3 b6 11. a3 f5 12. f3 f4 13.
Bf2 g5 14. b4 axb4 15. axb4 Rxa1 16. Qxa1 Nd7 17. h3 Ng6 18. c5 bxc5 19. bxc5 Nf6 20.
c6 h5 21. Rb1 g4 22. hxg4 hxg4 23. Rb8 g3 24. Be1 Nh5 25. Qa7 Qh4 26. Kf1 Qh1+ 27.
Ng1 Nh4 28. Ke2 Qxg2+ 29. Kd1 Nxf3 30. Nxf3 Qxf3+ 31. Kc1 Qe3+ 32. Qxe3 fxe3 33. Ne2 g2 34. Kb2 Bg4 35. Ng1 Rxb8+ 0-1

[Event "*** Titled Tuesday Blitz"]
[Site "Chess.com"]
[Date "2020.04.14"]
[Round "1"]
[White "cholzan"]
[Black "earling8018"]
[Result "1-0"]
[WhiteElo "2525"]
[BlackElo "2012"]
[TimeControl "180+1"]
[EndTime "10:05:52 PDT"]
[Termination "cholzan won by resignation"]

1. d4 d5 2. c4 e6 3. Nf3 Nf6 4. g3 Be7 5. Bg2 O-O 6. O-O b6 7. Qc2 Bb7 8. Nbd2 Na6 9. a3 c5 10. cxd5 exd5 11. dxc5 Nxc5 12. b4 Nce4 13. Bb2 Rc8 14.
Qd3 Qd7 15. Rfd1 Rfd8 16. Ne5 Qa4 17. Nb3 Ba6 18. Qf3 Bxe2 19. Qxe2 Qxb3 20. Rac1 a5 21.
Nc6 Rxc6 22. Rxc6 axb4 23. axb4 Qxb4 24. Bd4 Bc5 25. Bxe4 Bxd4 26. Bb1 Bc5 27. Qd3 g6 28. Rxf6 1-0

[Event "*** Titled Tuesday Blitz"]
[Site "Chess.com"]
[Date "2020.04.14"]
[Round "1"]
[White "Bad_left_hook"]
[Black "garfield_pg"]
[Result "1/2-1/2"]
[WhiteElo "2568"]
[BlackElo "2198"]
[TimeControl "180+1"]
[EndTime "10:05:53 PDT"]
[Termination "Game drawn - insufficient material"]

1. d4 e5 2. c4 exd4 3. Qxd4 Nc6 4. Qd1 Bc5 5. Nf3 Nf6 6. e3 d5 7. cxd5 Qxd5 8. Qxd5 Nxd5 9. a3 Bg4 10. b4 Bb6 11.
Bb2 f6 12. Bc4 O-O-O 13. O-O Bxf3 14. gxf3 Ne5 15. Be2 g5 16. Nc3 h5 17. Nxd5 Rxd5 18.
Rfd1 Rhd8 19. Rxd5 Rxd5 20. Rd1 Rxd1+ 21. Bxd1 h4 22. f4 gxf4 23. exf4 Nd3 24. Bxf6 Nxf2 25. Bxh4 Nxd1+ 26. Kf1 Ne3+ 27. Ke2 Nf5 28. Be1 Kd7 29. Kf3 Ke6 30. Ke4 c5 31. bxc5 Bxc5 32. a4 a6 33.
h4 b5 34. axb5 axb5 35. h5 b4 36. Bd2 Bf8 37. Kd3 Kd5 38. Be1 Bg7 39. Bxb4 Ng3 40. Ke3 Nxh5 41. f5 Be5 42. Kf3 Ng7 43. Kg4 Ke4 44. f6 Bxf6 45. Bd6 Nf5 46. Bc7 Ne3+ 47. Kg3 Bc3 48. Bb8 Be1+ 49. Kh3 Kf3 50. Bc7 Bf2 51. Bb6 Ng4 52. Bxf2 1/2-1/2

[Event "*** Titled Tuesday Blitz"]
[Site "Chess.com"]
[Date "2020.04.14"]
[Round "1"]
[White "Kavyev_Ruslan"]
[Black "Vesper2018"]
[Result "1-0"]
[WhiteElo "2519"]
[BlackElo "1825"]
[TimeControl "180+1"]
[EndTime "10:05:53 PDT"]
[Termination "Kavyev_Ruslan won by resignation"]

1. d4 Nf6 2. c4 g6 3. Nc3 Bg7 4. e4 d6 5. Be2 O-O 6. Be3 e5 7. d5 a5 8. g4 Na6 9. h4 Nc5 10. f3 h5 11. g5 Ne8 12. Qd2 a4 13. O-O-O Bd7 14. Kb1 f5 15. gxf6 Nxf6 16. Nh3 Nh7 17. Ng5 Nxg5 18. Bxg5 Qe8 19. Rhg1 Kh7 20. Rg2 Qf7 21. Rdg1 Be8 22. Be3 Qe7 23. Nd1 Qxh4 24. Bg5 Qh3 25. Nf2 Qd7 26. Rh2 Kg8 27. Nh3 Rb8 28. Be3 c6 29. Ng5 cxd5 30. cxd5 b5 31. Bxc5 dxc5 32. Ne6 Qd6 33. Rhg2 Rf6 34. Qe1 c4 35.
Qh4 a3 36. Nxg7 Kxg7 37. Qxh5 Bf7 38. Rh2 Kf8 39. Qh8+ Ke7 40. Qh4 Qb4 41. Bd1 axb2 42. Qg5 Qc3 43. Rc2 Qd4 44. f4 Qxe4 45. fxe5 Rb6 46. d6+ 1-0

[Event "*** Titled Tuesday Blitz"]
[Site "Chess.com"]
[Date "2020.04.14"]
[Round "1"]
[White "Larina_Marija"]
[Black "ClassyEl"]
[Result "0-1"]
[WhiteElo "2344"]
[BlackElo "2697"]
[TimeControl "180+1"]
[EndTime "10:05:54 PDT"]
[Termination "ClassyEl won by resignation"]

1. e4 d6 2. d4 Nf6 3. Nc3 c6 4. a4 Nbd7 5. f3 e5 6. Be3 Qc7 7. Nge2 a5 8. g4 g6 9. h4 Nb6 10. b3 h5 11. g5 Nfd7 12. Qd2 Bg7 13. Bh3 O-O 14. O-O exd4 15. Nxd4 d5 16. Rad1 Nc5 17.
Bf4 Bxd4+ 18. Kg2 Bxh3+ 19. Kxh3 Be5 20. Bxe5 Qxe5 21. exd5 Nxd5 22. Nxd5 cxd5 23. f4 Qf5+ 24. Kh2 Ne4 25. Qe3 Rac8 26. Rc1 Rc3 0-1

[Event "*** Titled Tuesday Blitz"]
[Site "Chess.com"]
[Date "2020.04.14"]
[Round "1"]
[White "Sid_98"]
[Black "esskeettit"]
[Result "1-0"]
[WhiteElo "2704"]
[BlackElo "2347"]
[TimeControl "180+1"]
[EndTime "10:05:57 PDT"]
[Termination "Sid_98 won by checkmate"]

1. e4 c5 2. Nf3 Nc6 3. Bb5 g6 4. O-O Bg7 5. Re1 Nf6 6. c3 O-O 7. d4 d5 8. e5 Ne4 9. h3 Bf5 10. Nbd2 Rc8 11. Nf1 cxd4 12. Bxc6 Rxc6 13. Nxd4 Rc8 14.
Nxf5 gxf5 15. Bf4 Qb6 16. Qe2 d4 17. cxd4 Qxd4 18. Rad1 Qc5 19. Ng3 Bxe5 20. Nxf5 Bxf4 21. Qg4+ Ng5 22. Qxf4 f6 23. Nxe7+ Kg7 24. Nxc8 Qxc8 25.
Re7+ Kh8 26. Rdd7 Qc2 27. Qxf6+ Rxf6 28. Re8+ Rf8 29. Rxf8# 1-0

[Event "*** Titled Tuesday Blitz"]
[Site "Chess.com"]
[Date "2020.04.14"]
[Round "1"]
[White "VinzentSpitzl"]
[Black "Keaton87"]
[Result "0-1"]
[WhiteElo "2337"]
[BlackElo "2681"]
[TimeControl "180+1"]
[EndTime "10:05:57 PDT"]
[Termination "Keaton87 won by resignation"]

1. e4 c5 2. Nf3 d6 3. d4 Nf6 4.
Nc3 cxd4 5. Nxd4 g6 6. Be3 Bg7 7. f3 O-O 8. Qd2 Nc6 9. O-O-O Nxd4 10. Bxd4 Be6 11. g4 Qa5 12. Kb1 Rfc8 13. h4 b5 14.
Nd5 Qxd2 15. Nxf6+ Bxf6 16. Rxd2 Bxd4 17. Rxd4 Rab8 18. Be2 h6 19. f4 Bc4 20. Bxc4 Rxc4 21. Rxc4 bxc4 22. c3 Kg7 23. g5 Rh8 24. Rf1 hxg5 25.
hxg5 Rh2 26. a4 Re2 27. f5 Rxe4 28. f6+ exf6 29. Rxf6 Re6 30. Rf4 d5 31. Ka2 Re5 32. Rg4 f6 33. gxf6+ Kxf6 34. Rg1 g5 35. Ka3 a5 36. b4 cxb3 37. Kxb3 Re4 38. Rf1+ Rf4 39. Rh1 g4 40. Rh8 Rf5 41. Rf8+ Ke5 42. Rg8 Kf4 43. c4 dxc4+ 44. Kxc4 Rg5 45. Rf8+ Ke3 46. Re8+ Kd2 47. Rd8+ Kc2 48. Rf8 g3 49. Rf1 g2 50. Rg1 Kd2 51. Kd4 Ke2 52. Kc4 Kf2 53. Rxg2+ Kxg2 0-1

[Event "*** Titled Tuesday Blitz"]
[Site "Chess.com"]
[Date "2020.04.14"]
[Round "1"]
[White "Hubbery"]
[Black "IAgrest"]
[Result "1-0"]
[WhiteElo "2588"]
[BlackElo "2209"]
[TimeControl "180+1"]
[EndTime "10:05:58 PDT"]
[Termination "Hubbery won on time"]

1. d4 Nf6 2. c4 g6 3. Nc3 Bg7 4. e4 d6 5. Be2 O-O 6. Be3 Nc6 7. d5 Ne5 8. h3 c6 9. f4 Ned7 10.
Nf3 cxd5 11. cxd5 b6 12. O-O Nc5 13. Qc2 Bb7 14. Rac1 Rc8 15. Qb1 a5 16. Rfd1 Qc7 17. Nd4 Qb8 18. Bb5 e6 19. Nc6 Bxc6 20. dxc6 Rfd8 21.
Rd2 Qc7 22. Rcd1 Qe7 23. a3 d5 24. e5 Nfe4 25. Nxe4 Nxe4 26. Rc2 Nc5 27. b4 axb4 28.
axb4 Ne4 29. Bxb6 Re8 30. c7 Rf8 31. Ba6 Qh4 32. Qc1 Bh6 33. Rf1 Qg3 34. Rf3 Qh4 35. Be3 Rfe8 36. b5 1-0

[Event "*** Titled Tuesday Blitz"]
[Site "Chess.com"]
[Date "2020.04.14"]
[Round "1"]
[White "gena217"]
[Black "djano"]
[Result "1-0"]
[WhiteElo "2911"]
[BlackElo "2483"]
[TimeControl "180+1"]
[EndTime "10:05:59 PDT"]
[Termination "gena217 won by resignation"]

1. e4 e5 2. Nf3 Nc6 3. Bb5 Nf6 4. d3 Bc5 5. Bxc6 dxc6 6. Be3 Bd6 7. h3 Qe7 8. Nbd2 Nd7 9. Nc4 Nf8 10. O-O Ng6 11. c3 O-O 12. Re1 c5 13. a4 Be6 14. Ng5 Nf4 15.
Bxf4 exf4 16. Nxe6 Qxe6 17. e5 Be7 18. Qf3 Qg6 19. Rad1 Rad8 20. Qxb7 Rxd3 21. Qxc7 Bh4 22. Rxd3 Qxd3 23. Qxc5 Rd8 24. e6 fxe6 25. Ne5 Qd5 26. Qxa7 Bf6 27. Qf7+ Kh8 28. Nf3 Qb3 29. Qxe6 Qxb2 30.
Qe8+ 1-0

[Event "*** Titled Tuesday Blitz"]
[Site "Chess.com"]
[Date "2020.04.14"]
[Round "1"]
[White "Nikolaj_6"]
[Black "ntmh281"]
[Result "0-1"]
[WhiteElo "2620"]
[BlackElo "2307"]
[TimeControl "180+1"]
[EndTime "10:05:59 PDT"]
[Termination "ntmh281 won by resignation"]

1. e3 d5 2. d4 Nf6 3. Nf3 Bf5 4. Bd3 Bg6 5. O-O e6 6. c4 c6 7. Nc3 Nbd7 8. b3 Bd6 9. Bb2 Qe7 10. Re1 Ne4 11. Bxe4 dxe4 12. Nd2 f5 13. d5 O-O 14. f4 Nc5 15. Ba3 Nd3 16. Bxd6 Qxd6 17. Rf1 exd5 18.
cxd5 cxd5 19. Na4 Rfc8 20. Rb1 b5 21. Nb2 d4 22. Nxd3 exd3 23. Qf3 dxe3 24. Qxe3 Bh5 25. Rbc1 a6 26. h3 Re8 27. Qg3 Re2 28. Nf3 Rae8 29. Ne5 d2 30. Rcd1 Re4 31. Nf3 Bxf3 32. Qxf3 Re1 33.
Kh2 R8e4 34. b4 Rxf1 35. Rxf1 Re1 36. Qb3+ Kf8 37. Qd1 Rxd1 38. Rxd1 Qxf4+ 39. Kg1 Qe3+ 40. Kf1 Ke7 41. a4 bxa4 42. g4 f4 43. g5 f3 0-1